AoeStats
← guandonzu

Black Forest

510166295Analyzed
3v3 RM · 4d ago on Sep 29, 2026· 71m 7s· 6 players
Game mode
Random Map
Map size
Normal (6 player)
Population
200
Speed
Normal
Resources
Standard
Victory
Conquest
Starting age
Dark Age
Ending age
Imperial Age
RankedLock teamsTeams togetherTeam positionsShared explorationLock speedFull tech treeHidden civsTurbo modeCheats
Victory
Defeat
🇺🇾 Cumans · Uruguay
792
+14
🇹🇼 Gurjaras · Taiwan
789
+24
🇮🇹 Sicilians · Italy
746
+17
🇦🇷 Poles · Argentina
767
-16
🇦🇷 Britons · Argentina
760
-15
🇦🇷 Franks · Argentina
743
-15
Yannis
0:29 Loom
15:27 Feudal Age
17:02 Double-Bit Axe
27:22 Castle Age
25:50 Horse Collar
26:28 Scale Mail Armor
26:56 Fletching
27:59 Elite Skirmisher
28:55 Forging
28:49 Padded Archer Armor
30:17 Chain Mail Armor
30:00 Pikeman
33:38 Heavy Plow
34:24 Gold Mining
35:53 Bow Saw
39:18 Imperial Age
37:46 Iron Casting
39:37 Stone Mining
40:27 Wheelbarrow
39:51 Town Watch
41:26 Chemistry
40:24 Murder Holes
41:55 Crop Rotation
42:27 Sanctity
42:43 Plate Mail Armor
44:04 Blast Furnace
43:24 Squires
43:43 Bodkin Arrow
44:06 Leather Archer Armor
44:52 Conscription
44:02 Halberdier
45:58 Hand Cart
47:06 Capped Ram
48:40 Bracer
48:57 Elite Serjeant
51:17 Arson
55:52 Hoardings
56:24 Ballistics
56:15 Masonry
56:11 Siege Engineers
61:04 Fervor
65:19 Scale Barding Armor
69:16 Caravan
guandonzu
10:18 Feudal Age
12:10 Double-Bit Axe
13:34 Horse Collar
20:33 Castle Age
19:14 Bloodlines
21:59 Heavy Plow
23:53 Bow Saw
24:36 Wheelbarrow
23:47 Loom
26:33 Husbandry
25:53 Light Cavalry
27:04 Forging
27:00 Scale Barding Armor
34:39 Hand Cart
39:07 Imperial Age
38:30 Ballistics
41:12 Chemistry
42:07 Hussar
42:11 Elite Shrivamsha Rider
43:30 Iron Casting
43:16 Chain Barding Armor
43:31 Crop Rotation
42:37 Heavy Camel Rider
46:41 Plate Barding Armor
66:41 Siege Elephant
jmanuelgiriboni
0:58 Loom
10:19 Feudal Age
11:53 Double-Bit Axe
16:16 Town Watch
17:56 Horse Collar
19:16 Fletching
25:20 Castle Age
26:16 Wheelbarrow
25:52 Crossbowman
27:04 Bow Saw
27:24 Scale Mail Armor
29:00 Pikeman
30:44 Thumb Ring
31:43 Capped Ram
34:10 Padded Archer Armor
36:57 Hand Cart
36:50 Bodkin Arrow
42:39 Imperial Age
42:09 Forging
42:07 Scale Barding Armor
42:22 Fervor
42:30 Town Patrol
44:59 Two-Man Saw
43:54 Gold Mining
47:42 Halberdier
48:35 Squires
48:50 Elite Steppe Lancer
50:12 Iron Casting
50:23 Bloodlines
51:31 Chemistry
50:53 Ballistics
56:23 Parthian Tactics
59:52 Blast Furnace
59:14 Chain Barding Armor
59:13 Chain Mail Armor
64:11 Conscription
64:29 Hoardings
66:00 Murder Holes
67:10 Elite Kipchak
68:19 Leather Archer Armor
69:04 Plate Barding Armor
69:43 Arson
71:13 Cuman Mercenaries
Marianef5340
10:20 Feudal Age
17:13 Castle Age
15:58 Stone Mining
15:58 Double-Bit Axe
16:52 Horse Collar
20:34 Loom
30:30 Crossbowman
31:03 Fletching
32:41 Yeomen
32:20 Bodkin Arrow
36:30 Padded Archer Armor
38:09 Leather Archer Armor
43:00 Imperial Age
40:33 Pikeman
43:27 Ballistics
43:27 Caravan
45:25 Conscription
46:58 Arbalester
49:47 Chemistry
54:04 Forging
63:58 Ring Archer Armor
67:04 Halberdier
Snoopy Comunista
0:27 Loom
12:13 Feudal Age
15:49 Bloodlines
16:19 Scale Barding Armor
18:42 Scale Mail Armor
27:04 Castle Age
28:00 Light Cavalry
30:00 Husbandry
30:26 Chain Barding Armor
30:07 Padded Archer Armor
29:58 Fletching
30:31 Chain Mail Armor
32:32 Horse Collar
35:08 Szlachta Privileges
42:34 Imperial Age
44:02 Winged Hussar
46:10 Wheelbarrow
55:49 Forging
64:55 Iron Casting
65:14 Plate Mail Armor
pazoz07
2:20 Loom
11:17 Feudal Age
16:23 Wheelbarrow
15:41 Double-Bit Axe
21:45 Castle Age
22:02 Scale Barding Armor
21:58 Scale Mail Armor
22:08 Forging
22:30 Gold Mining
22:34 Stone Mining
23:23 Bow Saw
24:29 Husbandry
25:14 Town Watch
31:46 Imperial Age
31:03 Gold Shaft Mining
30:54 Chain Barding Armor
30:51 Chain Mail Armor
31:21 Iron Casting
32:13 Hand Cart
32:07 Cavalier
34:48 Conscription
37:40 Paladin
40:13 Crossbowman
48:15 Chemistry
49:41 Fletching
49:52 Padded Archer Armor
50:22 Bodkin Arrow
51:31 Blast Furnace
51:08 Plate Mail Armor
51:41 Plate Barding Armor
51:30 Leather Archer Armor
Connection lost

Rejoining the realm…

Still unreachable

The connection could not be restored.

Session expired

The server has moved on; the page needs a fresh start.